cohdb
Replays
Latest Replays
All Replays
Popular Replays
Top Player Replays
Match Explorer
How It Works
Community
CoH3 Stats
Reddit
Sign in to upload your games and track your stats! →
Sign in with Steam
Match 45335864
Unlisted
Match 45335864
Overview
Messages
Build Orders
End
Panzergrenadier Squad
Selects Italian Infantry
Panzergrenadier Squad
Construct Light Support Kompanie
2.5-tonne Medical Truck
MG34 Team
Fire Support Elements
Selects Guastatori Squad
Selects L6/40 Light Tank Combat Group
L6/40 Light Tank Combat Group
Pak 38 Mechanized Group
Construct Mechanized Kompanie
Pak 38 Anti-tank Gun Team
Selects Sound the Alarm
Marder III Tank Destroyer
Selects Prepared Positions
Guastatori Squad
Construct Panzerarmee Kommand
Walking Stuka Rocket Launcher
Selects Towed Cannone da 105/28 Field Howitzer
beSO
Гурам Депардье
MeleeKeeper
SvartalRuneMaster
Kingfish
Basgo
Ragnar Lothbrok (German)
potatoo
0
0
Comments
sign in to comment!
No comments posted yet!